AoeStats
← vortice_anonimo

MegaRandom

510427054Analyzed
2v2 RM · 2d ago on Oct 1, 2026· 21m 57s· 4 players
Game mode
Random Map
Map size
Medium (4 player)
Population
200
Speed
Normal
Resources
Standard
Victory
Conquest
Starting age
Dark Age
Ending age
Imperial Age
RankedLock teamsTeams togetherTeam positionsShared explorationLock speedFull tech treeHidden civsTurbo modeCheats
Victory
Defeat
🇦🇷 Sicilians · Argentina
377
+17
🇦🇷 Maya · Argentina
377
+17
🇺🇾 Italians · Uruguay
426
-18
🇺🇾 Persians · Uruguay
370
-16
Conejo Malo
0:40 Loom
9:56 Feudal Age
15:31 Double-Bit Axe
18:43 Castle Age
18:20 Gold Mining
19:37 Forging
21:39 Squires
21:58 Bow Saw
vortice_anonimo
12:17 Feudal Age
DonGato
9:01 Loom
11:35 Feudal Age
12:17 Double-Bit Axe
martiinniicolas21
10:19 Feudal Age
10:56 Double-Bit Axe
14:38 Stone Mining
14:37 Horse Collar
23:21 Castle Age
Connection lost

Rejoining the realm…

Still unreachable

The connection could not be restored.

Session expired

The server has moved on; the page needs a fresh start.